 Dungeon Crawl Stone Soup version 0.21.1-1-g345015f (webtiles) character file.

114 Fang the Skirmisher (level 4, -6/43 HPs)
             Began as a Gargoyle Berserker on June 6, 2018.
             Was a Believer of Trog.
             Mangled by popopop1279's ghost (7 damage)
             ... on level 3 of the Dungeon.
             The game lasted 00:02:01 (1728 turns).

Fang the Skirmisher (Gargoyle Berserker)            Turns: 1728, Time: 00:02:01

Health: -6/43      AC:  5    Str: 26    XL:     4   Next: 98%
Magic:  13/13      EV: 12    Int:  8    God:    Trog [**....]
Gold:   83         SH:  0    Dex:  9    Spells: 3/3 levels left

rFire    . . .     SeeInvis .   a - +0 hand axe
rCold    . . .     Gourm    .   (no shield)
rNeg     + . .     Faith    .   b - +0 animal skin
rPois    ∞         Spirit   .   (no helmet)
rElec    +         Reflect  .   (no cloak)
rCorr    .         Harm     .   (no gloves)
MR       .....                  (no boots)
Stlth    ..........             o - amulet of rage
HPRegen  0.14/turn              n - ring of magical power
MPRegen  0.13/turn              (no ring)

@: berserking, very quick
A: negative energy resistance 1, electricity resistance, unbreathing,
petrification resistance, rot immunity, AC +3
a: Berserk, Trog's Hand, Burn Spellbooks, Renounce Religion, Evoke Berserk Rage


You were on level 3 of the Dungeon.
You worshipped Trog.
Trog was pleased with you.
You were very hungry.

You visited 1 branch of the dungeon, and saw 3 of its levels.

You collected 83 gold pieces.

Inventory:

Hand Weapons
 a - a +0 hand axe (weapon)
Armour
 b - a +0 animal skin (worn)
Jewellery
 n - a ring of magical power (left hand)
 o - an amulet of rage (around neck)
Scrolls
 e - 6 scrolls of identify {unknown}
 f - 3 scrolls of teleportation {unknown}
 h - 2 scrolls of blinking {unknown}
 i - a scroll of remove curse {unknown}
 j - a scroll of fog {unknown}
 k - a scroll of immolation {unknown}
 l - a scroll of magic mapping {unknown}
Potions
 d - a potion of magic {unknown}
 g - 2 potions of heal wounds {unknown}
 m - a potion of brilliance {unknown}
 p - a potion of flight {unknown}
 q - 2 potions of haste {unknown}
Comestibles
 c - 5 rations


   Skills:
 + Level 4.2 Fighting
 + Level 3.8 Axes
 + Level 2.5 Armour
 + Level 2.3 Dodging
 + Level 0.2 Stealth


You had 3 spell levels left.
You didn't know any spells.

Dungeon Overview and Level Annotations

Branches:
Dungeon (3/15)

Altars:
Cheibriados
Nemelex Xobeh

Annotations:
D:3 popopop1279's ghost, amateur NaFi


Innate Abilities, Weirdness & Mutations

You are resistant to torment.
Your stone body is resilient. (AC +3)
You are immune to poison.
You resist negative energy. (rN+)
You are resistant to electric shocks. (rElec)
You can survive without breathing.
You are immune to petrification.
You are immune to rotting.


Message History

Popopop1279's ghost misses you.
The orc moves out of view.
You slash popopop1279's ghost!
Popopop1279's ghost is heavily damaged.
Popopop1279's ghost hits you.
* * * LOW HITPOINT WARNING * * *
An adder comes into view.
The adder hisses angrily.
You hit popopop1279's ghost.
Popopop1279's ghost is severely damaged.
Popopop1279's ghost hits you but does no damage.
You hit popopop1279's ghost but do no damage.
Popopop1279's ghost is severely damaged.
Popopop1279's ghost hits you!
* * * LOW HITPOINT WARNING * * *
You hit popopop1279's ghost but do no damage.
Popopop1279's ghost is severely damaged.
You barely miss popopop1279's ghost.
Popopop1279's ghost is severely damaged.
Popopop1279's ghost hits you!
You die...

#..# ##..## ....#
#[..# #...# #...#
#.####...###
#.o.W@.$>..#
...S####.#.#.# #
#.#.#.# #(#<#.#
##.#.#.# ###
##......#####
<................#
..#.###.#........#
#.#.#
#......#...####


You could see popopop1279's ghost, an adder and an orc.

Vanquished Creatures
  Terence (D:2)
  An adder (D:3)
  An adder skeleton (D:3)
  3 worms (D:2)
  3 leopard geckos
  An orc (D:3)
  10 bats
  4 giant cockroaches
  5 goblins
  15 hobgoblins
  3 quokkas
  2 frilled lizards
  7 kobolds
  4 rats
60 creatures vanquished.

Notes
Turn   | Place    | Note
-------+----------+-------------------------------------------
     0 | D:1      | Fang the Gargoyle Berserker began the quest for the Orb.
     0 | D:1      | Reached XP level 1. HP: 14/14 MP: 1/1
    77 | D:1      | Reached XP level 2. HP: 13/19 MP: 2/2
   222 | D:1      | Reached XP level 3. HP: 16/24 MP: 3/3
   568 | D:1      | Reached ** piety under Trog
   792 | D:2      | Reached skill level 4 in Fighting
   998 | D:2      | Reached XP level 4. HP: 25/29 MP: 4/4
  1404 | D:2      | Noticed Terence
  1411 | D:2      | Killed Terence
  1489 | D:2      | Found a sparkling altar of Nemelex Xobeh.
  1633 | D:3      | Found a sparkling altar of Nemelex Xobeh.
  1633 | D:3      | Found a snail-covered altar of Cheibriados.
  1712 | D:3      | Noticed popopop1279's ghost (amateur NaFi)
  1726 | D:3      | HP: 1/43 [popopop1279's ghost (10)]
  1728 | D:3      | Mangled by popopop1279's ghost

Skill      XL: |  1  2  3 |
---------------+----------+-----
Axes           | 3 |  3.8
Dodging        | 2 |  2.3
Fighting       | 4 |  4.2
Armour         | |  2.5
Stealth        | |  0.2

Action                   |  1- 3 |  4- 6 || total
-------------------------+-------+-------++-------
Melee: Hand axe          |   126 |    63 ||   189
Invok: Berserk           |     1 |     3 ||     4
  Eat: Chunk             |     1 |     4 ||     5
Armor: Animal skin       |    45 |    20 ||    65
Dodge: Dodged            |   111 |    38 ||   149
